 Dungeon Crawl Stone Soup version 0.28-a0-410-gbef64dd269 (webtiles) character file.

Game seed: 14400177099573037464

106 dolemite99 the Poker (level 4, -5/33 HPs)
             Began as a Merfolk Gladiator on Sept 7, 2021.
             Killed from afar by an orc wizard (9 damage)
             ... with a puff of flame
             ... on level 3 of the Dungeon.
             The game lasted 00:03:54 (3063 turns).

dolemite99 the Poker (Merfolk Gladiator)            Turns: 3063, Time: 00:03:55

Health: -5/33      AC:  7    Str: 15    XL:     4   Next: 84%
Magic:  4/4        EV: 10    Int:  7    God:
Gold:   86         SH:  0    Dex: 15    Spells: 3/3 levels left

rFire   . . .      SeeInvis .   a - +0 trident
rCold   . . .      Faith    .   (no shield)
rNeg    . . .      Spirit   .   i - +0 scale mail
rPois   .          Reflect  .   c - +0 helmet
rElec   .          Harm     .   (no cloak)
rCorr   .          Rampage  .   (no gloves)
Will    .....                   (no boots)
Stlth   ..........              (no amulet)
HPRegen 0.11/turn               (no ring)
MPRegen 0.09/turn               (no ring)

@: no status effects
A: (nimble swimmer 2), mertail
a: no special abilities


You were on level 3 of the Dungeon.
You visited 1 branch of the dungeon, and saw 3 of its levels.

You collected 86 gold pieces.

Inventory:

Hand Weapons
 a - a +0 trident (weapon)
 g - a +0 hunting sling
 h - a +0 dagger
Missiles
 d - 4 throwing nets (quivered)
 e - 34 arrows
 f - 56 stones
 k - 14 bolts
Armour
 b - a +0 leather armour
 c - a +0 helmet (worn)
 i - a +0 scale mail (worn)
 m - a +0 ring mail
 n - a +0 ring mail
Scrolls
 j - a scroll of noise {unknown}
 l - a scroll of teleportation {unknown}


   Skills:
 - Level 2.1 Fighting
 + Level 7.8 Polearms
 - Level 2.0 Throwing
 - Level 4.0 Dodging


You had 3 spell levels left.
You didn't know any spells.
Your spell library was empty.

Dungeon Overview and Level Annotations

Branches:
Dungeon (3/15)

Altars:
Beogh

Annotations:
D:3 3 runed translucent doors, bearlyready's ghost, weakling GnCA


Innate Abilities, Weirdness & Mutations

((You are quick and stealthy near water. (Stealth+, EV+, Speed+++)))
Your lower body shifts to a powerful aquatic tail in water.


Message History

You hear some strange, mumbled words.
Something tries to affect you, but you resist.
You hit the orc wizard.
The orc wizard is lightly wounded.
You closely miss something.
The orc wizard hits you with a +0 dagger.
Something hits you but does no damage.
You puncture the orc wizard!
The orc wizard is severely wounded.
The orc wizard hits you with a +0 dagger.
Something hits you.
You barely miss the orc wizard.
The orc wizard is severely wounded.
The orc wizard barely misses you. Something hits you but does no damage.
You puncture the orc wizard!
You kill the orc wizard!
Something hits you but does no damage.
You hear some strange, mumbled words.
You are confused.
You're too confused to move!
Something hits you.
You feel less confused.
You hear some strange, mumbled words.
A puff of flame appears from out of thin air!
The puff of flame hits you!
* * * LOW HITPOINT WARNING * * *
You aren't carrying any potions.
An orc wizard appears from thin air!
Reactivating autopickup.
You barely miss the orc wizard.
The orc wizard hits you with a +0 dagger.
* * * LOW HITPOINT WARNING * * *
You barely miss the orc wizard.
The orc wizard gestures at you while chanting.
The puff of flame hits you but does no damage.
You aren't carrying any potions.
You miss the orc wizard.
The orc wizard gestures at you while chanting.
The puff of flame hits you!
You die...

####### #.....#
##############.....##############
...#.............................
...#.........#.o@..#############.
...#.......######### #.
...##...†..# #. ...##......# #.
...'....>..##♣♣ #.
...##.........♣♣ #.
....).##+......♣♣ #.
....#.##+.......♣ #.
....#..........♣.♣ ######.


You could see an orc wizard.

Vanquished Creatures
  An orc priest (D:3)
  An orc wizard (D:3)
  A dart slug (D:3)
  3 orcs (D:3)
  4 bats
  4 endoplasms (D:1)
  2 giant cockroaches (D:2)
  A goblin (D:1)
  5 hobgoblins
  2 jackals (D:2)
  3 quokkas
  2 ball pythons
  3 frilled lizards
  7 kobolds
  7 rats
46 creatures vanquished.

Notes
Turn   | Place    | Note
-------+----------+-------------------------------------------
     0 | D:1      | dolemite99 the Merfolk Gladiator began the quest for the
                  | Orb.
     0 | D:1      | Reached XP level 1. HP: 16/16 MP: 1/1
   257 | D:1      | Reached skill level 5 in Polearms
   305 | D:1      | Reached XP level 2. HP: 5/22 MP: 2/2
  1188 | D:2      | Reached skill level 6 in Polearms
  1188 | D:2      | Reached XP level 3. HP: 27/27 MP: 3/3
  2250 | D:3      | Reached skill level 7 in Polearms
  2250 | D:3      | Reached XP level 4. HP: 15/33 MP: 4/4
  2253 | D:3      | HP: 1/33 [orc (3)]
  2258 | D:3      | HP: 1/33 [orc (1)]
  2804 | D:3      | Found a runed translucent gate.
  2867 | D:3      | Found a runed translucent gate.
  2871 | D:3      | Noticed bearlyready's ghost (weakling GnCA)
  2876 | D:3      | Identified the +9 mace of Seent {flame, rN+ Stlth+}
  2904 | D:3      | Found a runed translucent gate.
  3063 | D:3      | Killed from afar by an orc wizard

Illustrated notes

Levels and vault maps discovered:
D:1:      dpeg_arrival_windows_large_door, layout_loops_ring
D:2:      layout_basic, minmay_misc_feat_roman, hex_large
D:3:      layout_basic, slow_altar_1, nicolae_qazlal_scattered_showers,
          lemuel_coloured_pillars_altar, biasface_ghost_orc_armoury,
          corexii_hall_statues_l, minmay_misc_feat_secret_circle,
          minmay_misc_feat_rows, uniq_crazy_yiuf_cottage

Skill      XL: |  1  2  3 |
---------------+----------+-----
Polearms       | 5 6 7 |  7.8
Fighting       | |  2.1
Throwing       | |  2.0
Dodging        | |  4.0

Action                   |  1- 3 |  4- 6 || total
-------------------------+-------+-------++-------
Melee: Trident           |   104 |    45 ||   149
Throw: Throwing net      |     2 |       ||     2
  Use: Potion            |       |     1 ||     1
 Stab: Sleeping          |     3 |       ||     3
Armor: Leather armour    |    17 |     2 ||    19
       Scale mail        |       |    10 ||    10
Dodge: Dodged            |    77 |    19 ||    96

Table legend: (Time is in decaauts)
 A = Elapsed time spent in this place.
 B = Non-inter-level travel time spent in this place.
 C = Inter-level travel time spent in this place.
 D = Time resting spent in this place.
 E = Time spent auto-exploring this place.
 F = Levels seen in this place.
 G = Mean time per level.
                   A        B        C        D        E       F      G
               +--------+--------+--------+--------+--------+-----+--------+
         Total |   3062 |   3025 |     37 |   1048 |   1342 |   3 | 1020.7 |
       Dungeon |   3062 |   3025 |     37 |   1048 |   1342 |   3 | 1020.7 |
               +--------+--------+--------+--------+--------+-----+--------+

Top non-repeatable levels by time:
     D:1: 1330 daAuts
     D:3: 880 daAuts
     D:2: 852 daAuts
